 Dungeon Crawl Stone Soup version 0.27-a0-1278-g6cbc8dfb29 (webtiles) character file.

Game seed: 10949862218481037282

808 sanka the Magician (level 8, -2/56 HPs)
             Began as a Djinni Artificer on June 12, 2021.
             Was an Initiate of Makhleb.
             Slain by an orc (8 damage)
             ... on level 5 of the Dungeon.
             The game lasted 00:10:00 (6153 turns).

sanka the Magician (Djinni Artificer)               Turns: 6153, Time: 00:10:01

Health: -2/56      AC:  3    Str: 11    XL:     8   Next: 15%
Gold:   271        EV: 12    Int: 15    God:    Makhleb [......] SH:  0 Dex: 14

rFire    + + +     SeeInvis .   u - +8 falchion of the Dripping King {pain, rElec rF+}
rCold    x . .     Faith    .   (no shield)
rNeg     . . .     Spirit   .   b - +0 leather armour
rPois    ∞         Reflect  .   (no helmet)
rElec    +         Harm     .   (no cloak)
rCorr    .         Rampage  .   (no gloves)
Will     .....                  (boots unavailable)
Stlth    +.........             (no amulet)
HPRegen  0.18/turn              (no ring)
MPRegen  0.00/turn              (no ring)

@: flying
A: sickness immunity, fire resistance 2, cold vulnerability 1, float, innate
caster, hp casting, extra vitality 1
a: Renounce Religion


You were on level 5 of the Dungeon.
You worshipped Makhleb.
Makhleb was noncommittal.
You visited 2 branches of the dungeon, and saw 6 of its levels.

You collected 271 gold pieces.


Innate Abilities, Weirdness & Mutations

You are immune to sickness and miasma.
You are immune to poison.
Your flesh is very heat resistant. (rF++)
You are vulnerable to cold. (rC-)
You float through the air rather than walking.
You learn spells naturally, not from books.
Your magical power is your life essence.
You have superior vitality. (+4 HP)


   Skills:
 - Level 3.1 Fighting
 - Level 1.0 Armour
 - Level 2.1 Dodging
 - Level 0.7 Stealth
 + Level 5.9 Spellcasting
 - Level 3.0 Evocations


You had 12 spell levels left.
You knew the following spells:

 Your Spells              Type           Power      Damage    Failure   Level
y - Poisonous Vapours     Pois/Air       44%        N/A       2%          2
z - Foxfire               Conj/Fire      88%        2x1d8     1%          1
Z - Conjure Flame         Conj/Fire      22%        6-21      4%          3
Your spell library was empty.

Inventory:

Hand Weapons
 a - a +0 club
 g - a +3 whip
 l - a +0 whip of electrocution
 n - a +0 vampiric war axe
 u - the +8 falchion of the Dripping King (weapon) {pain, rElec rF+} In the hands of one skilled in necromantic magic, it inflicts extra damage on living creatures. It protects you from fire. It insulates you from electricity.
Armour
 b - a +0 leather armour (worn)
Wands
 c - a wand of flame (15) (quivered)
 d - a wand of charming (15)
 s - a wand of polymorph (2)
 v - a wand of acid (2)
Scrolls
 i - 2 scrolls of identify {unknown}
 k - a scroll of acquirement {unknown}
 m - a scroll of noise {unknown}
 o - 4 scrolls of teleportation {unknown}
 p - a scroll of magic mapping {unknown}
 t - a scroll of fear {unknown}
Potions
 f - 3 potions of curing {unknown}
 h - 2 potions of might {unknown}
 j - 2 potions of cancellation {unknown}
 q - a potion of attraction {unknown}
 r - 2 potions of heal wounds {unknown}
Miscellaneous
 e - a piece from Xom's chessboard (15/15)

Dungeon Overview and Level Annotations

Branches:
Dungeon (5/15)             Temple (1/1) D:4

Altars:
Ashenzari
Dithmenos
Makhleb
Okawaru
Trog
Wu Jian
Yredelemnul

Annotations:
D:5 Eustachio

........[...............▒▒.▒.....
.........................▒..)...)
....................)..▒.........
.................5...............
.......†................)........
...)........▒.▒▒.@...............
▒...........▒.£▒.▒.5.))▒...)...▒.
▒▒▒▒▒▒▒▒▒...<....or..<.▒.......▒▒
▒.....▒▒R▒...............
▒.▒▒▒....(............▒..
▒▒▒▒▒▒▒▒▒.▒▒............▒......>▒
.............▒▒▒▒................
............▒▒▒▒.......▒.........
.........▒....▒▒.▒.............▒▒
.........▒▒...▒▒.▒......▒........
▒▒▒▒▒▒▒▒▒........▒▒....▒▒▒.....▒▒
▒...........▒▒▒▒ ▒▒▒.....


You could see Eustachio (very poisoned), a crimson imp (summoned), a river rat
(summoned), a shadow imp (summoned) and an orc.


Message History

You riposte.
You slash the rat!
You kill the rat!
The river rat bites you.
* * * LOW HITPOINT WARNING * * *
Eustachio hits you with a +0 rapier.
* * * LOW HITPOINT WARNING * * *
The bat hits you but does no damage.
Eustachio mumbles some strange words.
Eustachio blinks!
The bat hits you but does no damage.
Eustachio twirls his moustache.
Unknown command.
The bat hits you but does no damage.
Eustachio casts a spell.
Aiming: Poisonous Vapours (safe; 2% risk of failure)
Aim: Eustachio, wielding a +0 rapier and wearing a +0 leather armour (heavily wounded, poisoned) Poisonous vapours surround Eustachio!
* * * LOW HITPOINT WARNING * * *
The bat barely misses you. The orc hits you with a +0 flail.
* * * LOW HITPOINT WARNING * * *
The bat hits you.
* * * LOW HITPOINT WARNING * * *
The river rat bites you.
* * * LOW HITPOINT WARNING * * *
Eustachio is engulfed in poison gas.
Eustachio looks even sicker.
The orc hits you with a +0 flail!
You die...

Action                   |  1- 3 |  4- 6 |  7- 9 || total
-------------------------+-------+-------+-------++-------
Melee: Whip              |   110 |   230 |    33 ||   373
       Club              |     5 |       |       ||     5
       Falchion          |       |       |    16 ||    16
 Cast: Foxfire           |       |     6 |     3 ||     9
       Poisonous Vapours |       |    15 |    23 ||    38
 Stab: Sleeping          |       |     3 |     1 ||     4
Armor: Leather armour    |    33 |    55 |    12 ||   100
Dodge: Dodged            |    81 |   164 |    53 ||   298
       Rpst.: Falchion   |       |       |     9 ||     9

Levels and vault maps discovered:
D:1:      mushboom_english_gardens, layout_basic
D:2:      layout_loops_ring, chequers_ecumenical_altar_simple_redux, basic_altar
D:3:      layout_basic, serial_forest, infiniplex_forest_lined_ring,
          infiniplex_forest_end_3, infiniplex_forest_straight_3,
          infiniplex_forest_end_2
D:4:      layout_rooms, minmay_temple_entry_steel_oval, uniq_natasha
D:5:      layout_rooms, portal_sewer_entry_d, nicolae_sextant, uniq_eustachio
Temple:   minmay_crystal_snake_temple

Notes
Turn   | Place    | Note
-------+----------+-------------------------------------------
     0 | D:1      | sanka the Djinni Artificer began the quest for the Orb.
     0 | D:1      | Reached XP level 1. HP: 17/17 MP: 0/0
   343 | D:1      | Reached XP level 2. HP: 23/23 MP: 0/0
   359 | D:1      | Reached skill level 2 in Fighting
   717 | D:2      | Found a faded altar of an unknown god.
   788 | D:2      | Reached XP level 3. HP: 26/29 MP: 0/0
   788 | D:2      | Learned a level 1 spell: Foxfire
   798 | D:2      | Reached skill level 3 in Fighting
  1371 | D:1      | Reached XP level 4. HP: 22/35 MP: 0/0
  1485 | D:1      | Reached skill level 1 in Spellcasting
  1926 | D:2      | Found a shadowy altar of Dithmenos.
  2542 | D:2      | Reached skill level 2 in Spellcasting
  2542 | D:2      | Reached XP level 5. HP: 40/40 MP: 0/0
  2542 | D:2      | Learned a level 2 spell: Poisonous Vapours
  3875 | D:3      | Reached skill level 3 in Spellcasting
  3877 | D:3      | Reached XP level 6. HP: 40/46 MP: 0/0
  4375 | D:4      | Noticed Natasha
  4680 | D:4      | Killed Natasha
  4772 | D:4      | Noticed Natasha
  4774 | D:4      | Killed Natasha
  4775 | D:4      | Reached skill level 4 in Spellcasting
  4782 | D:4      | Noticed Natasha
  4798 | D:4      | Killed Natasha
  4839 | D:4      | Reached XP level 7. HP: 27/50 MP: 0/0
  4839 | D:4      | Learned a level 3 spell: Conjure Flame
  5000 | D:4      | Found a staircase to the Ecumenical Temple.
  5029 | Temple   | Entered the Ecumenical Temple
  5061 | Temple   | Became a worshipper of Makhleb the Destroyer
  5245 | D:5      | Entered Level 5 of the Dungeon
  5416 | D:5      | Reached skill level 5 in Spellcasting
  5740 | D:5      | Identified the +8 falchion of the Dripping King {pain,
                  | rElec rF+}
  5812 | D:5      | Reached XP level 8. HP: 18/56 MP: 0/0
  5923 | D:5      | Noticed Eustachio
  6153 | D:5      | Slain by an orc

Vanquished Creatures
  An ogre (D:5)
  A gnoll sergeant (D:5)
  A scorpion (D:4)
  A howler monkey (D:3)
  A centaur zombie (D:5)
  2 hounds
  An orc priest (D:5)
  2 bullfrog skeletons
  Natasha (thrice) (D:4)
  3 orc wizards
  6 gnolls
  5 adders
  A white imp (D:5)
  2 dart slugs
  12 orcs
  6 endoplasms
  6 giant cockroaches
  7 hobgoblins
  21 jackals
  4 quokkas
  8 ball pythons
  6 bats
  7 frilled lizards
  6 goblins
  5 kobolds
  4 rats
122 creatures vanquished.

Vanquished Creatures (others)
  15 foxfires
15 creatures vanquished.

Grand Total: 137 creatures vanquished
